 Dungeon Crawl Stone Soup version 0.24.0-13-gcf9b3192b9 (webtiles) character file.

Game seed: 13478858340462016348, levelgen mode: deterministic

3395 Delamore the Severer (level 10, -3/81 HPs)
             Began as a Hill Orc Fighter on Nov 9, 2019.
             Was a Believer of the Shining One.
             Slain by an orc warrior
             ... wielding a +0 hand axe
              (11 damage)
             ... in a bailey.
             The game lasted 00:14:03 (6930 turns).

Delamore the Severer (Hill Orc Fighter)             Turns: 6930, Time: 00:14:03

Health: -3/81      AC: 15    Str: 23    XL:     10   Next: 4%
Magic:  10/10      EV:  4    Int:  8    God:    the Shining One [**....]
Gold:   351        SH:  9    Dex: 10    Spells: 9/9 levels left

rFire    . . .     SeeInvis +   a - +0 war axe
rCold    . . .     Gourm    .   c - +0 shield
rNeg     + . .     Faith    .   H - +0 plate armour
rPois    +         Spirit   .   s - +0 helmet
rElec    .         Reflect  .   G - +0 cloak {rPois}
rCorr    .         Harm     .   (no gloves)
MR       .....                  l - +1 pair of boots
Stlth    ..........             o - amulet of rage
HPRegen  0.23/turn              (no ring)
MPRegen  0.12/turn              w - ring of see invisible

@: glowing
A: no striking features
a: Divine Shield, Renounce Religion, Evoke Berserk Rage


You were in a bailey.
You worshipped the Shining One.
The Shining One was pleased with you.
You were not hungry.

You visited 1 branch of the dungeon, and saw 7 of its levels.
You also visited: Ossuary and Bailey.

You collected 351 gold pieces.

Inventory:

Hand Weapons
 a - a +0 war axe (weapon)
 F - a +4 dire flail of draining
 M - a +3 hand axe
 O - a +0 halberd of electrocution
 P - a +0 halberd of electrocution
Missiles
 B - 5 poisoned darts (quivered)
 E - 2 throwing nets
Armour
 c - a +0 shield (worn)
 l - a +1 pair of boots (worn)
 s - a +0 helmet (worn)
 t - a +2 robe of cold resistance
 G - a +0 cloak of poison resistance (worn)
 H - a +0 plate armour (worn)
Jewellery
 b - a +2 amulet of reflection {unknown}
 o - an amulet of rage (around neck)
 w - a ring of see invisible (right hand)
Wands
 p - a wand of iceblast (20)
 x - a wand of flame (19)
 z - a wand of digging (4)
Scrolls
 e - 2 scrolls of enchant armour
 h - 2 scrolls of fear {unknown}
 k - a scroll of noise {unknown}
 n - 2 scrolls of teleportation
 q - 3 scrolls of fog
 r - 5 scrolls of identify
 v - 3 scrolls of blinking {unknown}
 y - a scroll of enchant weapon {unknown}
 A - a scroll of remove curse
 C - a scroll of magic mapping
 L - a scroll of immolation {unknown}
Potions
 d - a potion of might
 g - a potion of magic
 i - 5 potions of flight
 j - a potion of haste
 m - a potion of invisibility
 u - a potion of ambrosia
 D - 3 potions of curing
 I - 2 potions of mutation {unknown}
 J - a potion of lignification {unknown}
 K - 2 potions of heal wounds {unknown}
Comestibles
 f - 13 rations
 N - 4 chunks of flesh


   Skills:
 + Level 5.1 Fighting
 + Level 16.0 Axes
 - Level 3.2 Armour
 + Level 1.4 Dodging
 + Level 2.2 Stealth
 - Level 3.2 Shields
 + Level 0.3 Evocations


You had 9 spell levels left.
You didn't know any spells.
Your spell library contained the following spells:

 Spells                   Type           Power        Failure   Level  Hunger
 Animate Skeleton         Necr           N/A          100%        1    ##.....
 Apportation              Tloc           #.....       100%        1    ##.....
 Confusing Touch          Hex            #.....       100%        1    ##.....
 Summon Small Mammal      Summ           #...         100%        1    ##.....


Dungeon Overview and Level Annotations

Branches:
Dungeon (7/15)             Temple (0/1) D:7         Ossuary (visited)
 Bailey (1/1)

Altars:
Dithmenos
Elyvilon
Fedhas
Hepliaklqana
Nemelex Xobeh
Okawaru
Sif Muna
Wu Jian
Yredelemnul
The Shining One


Message History

The gnoll shouts!
The gnoll moves out of view.
There is an open door here.
You hit the gnoll but do no damage. You block the gnoll's attack.
Your shield and plate armour prevent you from hitting the gnoll.
You block the gnoll's attack.
You hit the gnoll but do no damage. You slash the gnoll!
The gnoll is almost dead.
The gnoll hits you but does no damage.
You are electrocuted!!
* * * LOW HITPOINT WARNING * * *
You slice the gnoll!!
You kill the gnoll!
You hit the orc warrior but do no damage.
You block the orc warrior's attack.
Your shield and plate armour prevent you from hitting the orc warrior.
You slash the orc warrior!
The orc warrior is heavily wounded.
The orc warrior hits you with a +0 hand axe!
You die...

#.###.###.#g#
##'##'##'###K#
'##' ##)().)##
#go...#
###((...###
.....#
#.'..⌠..'.#
.⌠..'
###.....###
.K.. ##.....##


#gK ##'##'##'###g# #.###.###)@o# ### ### ##### You could see an orc warrior, a
gnoll, a hobgoblin and 2 kobolds.

Vanquished Creatures
  Grinder (D:4)
  A slime creature (D:5)
  Sigmund (D:4)
  2 wraiths (Ossuary)
  Edmund (D:6)
  A sky beast (D:7)
  The ghost of syranez the Chopper, an amateur MiBe of Trog (D:3)
  3 ogres
  2 centaurs
  2 big kobolds (D:5)
  Blork the orc (D:6)
  5 bullfrogs
  A gnoll sergeant (D:5)
  A wyvern skeleton (D:6)
  2 scorpions
  2 wights (Ossuary)
  2 crimson imps (D:5)
  A bullfrog zombie (D:6)
  2 bullfrog skeletons
  4 jellies (D:5)
  4 orc wizards
  2 orc priests (D:3)
  Ijyb (D:4)
  A worker ant (D:5)
  A hound skeleton (D:6)
  A mummy (D:7)
  Robin (D:3)
  24 gnolls
  7 adders
  3 shadow imps
  5 oozes
  An adder zombie (Ossuary)
  An adder skeleton (D:6)
  4 worms
  10 leopard geckos
  13 orcs
  7 giant cockroaches
  2 gnoll zombies (D:3)
  17 goblins
  14 hobgoblins
  13 jackals
  29 kobolds
  A quokka (D:3)
  A ball python skeleton (Ossuary)
  3 bats
  7 frilled lizards
  3 hobgoblin skeletons (Ossuary)
  2 hobgoblin zombies (Ossuary)
  2 orc skeletons (Ossuary)
  An orc zombie (Ossuary)
  A quokka zombie (D:5)
  7 rats
225 creatures vanquished.

Vanquished Creatures (others)
  3 fungi
  2 plants (D:4)
  10 toadstools (D:5)
15 creatures vanquished.

Grand Total: 240 creatures vanquished

Notes
Turn   | Place    | Note
-------+----------+-------------------------------------------
     0 | D:1      | Delamore the Hill Orc Fighter began the quest for the Orb.
     0 | D:1      | Reached XP level 1. HP: 19/19 MP: 1/1
    44 | D:1      | Reached skill level 3 in Axes
   277 | D:1      | Reached XP level 2. HP: 19/26 MP: 2/2
   607 | D:1      | Reached skill level 4 in Axes
   988 | D:2      | Reached XP level 3. HP: 29/31 MP: 3/3
  1050 | D:2      | Reached skill level 5 in Axes
  1534 | D:3      | Noticed Robin
  1536 | D:3      | Reached XP level 4. HP: 37/39 MP: 4/4
  1543 | D:3      | Killed Robin
  1553 | D:3      | Reached skill level 6 in Axes
  1582 | D:3      | Noticed a bullfrog
  1598 | D:3      | Killed a bullfrog
  1598 | D:3      | Reached skill level 7 in Axes
  1598 | D:3      | Reached XP level 5. HP: 20/45 MP: 5/5
  1980 | D:3      | Reached skill level 8 in Axes
  1980 | D:3      | Reached XP level 6. HP: 42/51 MP: 6/6
  2518 | D:3      | Found a basalt altar of Yredelemnul.
  2602 | D:4      | Noticed Sigmund
  2618 | D:4      | Killed Sigmund
  2618 | D:4      | Reached skill level 9 in Axes
  2618 | D:4      | Reached XP level 7. HP: 57/57 MP: 7/7
  2694 | D:4      | Noticed Ijyb
  2719 | D:4      | Killed Ijyb
  2746 | D:4      | Found a runed translucent gate.
  2746 | D:4      | Found a runed translucent gate.
  2746 | D:4      | Noticed syranez's ghost (amateur MiBe)
  2747 | D:4      | Found a runed translucent gate.
  2753 | D:4      | Noticed Grinder
  2770 | D:4      | Killed Grinder
  2770 | D:4      | Reached skill level 10 in Axes
  3206 | D:4      | Reached skill level 11 in Axes
  3241 | D:4      | Found a white marble altar of Elyvilon.
  3579 | D:4      | HP: 1/57 [syranez's ghost (6)]
  3626 | D:3      | HP: 1/57 [syranez's ghost (9)]
  3955 | D:3      | Killed syranez's ghost
  4037 | D:5      | Entered Level 5 of the Dungeon
  4048 | D:5      | Reached XP level 8. HP: 24/64 MP: 8/8
  4272 | D:5      | Reached skill level 1 in Stealth
  4447 | D:5      | Reached skill level 12 in Axes
  4505 | D:5      | Noticed a slime creature
  4522 | D:5      | Killed a slime creature
  4522 | D:5      | Reached skill level 13 in Axes
  4728 | D:5      | Found a sparkling altar of Nemelex Xobeh.
  4728 | D:5      | Found a shadowy altar of Dithmenos.
  4733 | D:5      | Found an ornate altar of the Wu Jian Council.
  4733 | D:5      | Found a shimmering blue altar of Sif Muna.
  4973 | D:5      | Reached XP level 9. HP: 51/70 MP: 9/9
  5042 | D:5      | Reached skill level 14 in Axes
  5674 | D:6      | Found a hazy altar of Hepliaklqana.
  5717 | D:6      | Found a glowing golden altar of the Shining One.
  5720 | D:6      | Became a worshipper of the Shining One
  5804 | D:6      | Noticed Blork the orc
  5815 | D:6      | Killed Blork the orc
  5876 | D:6      | Noticed Edmund
  5891 | D:6      | Killed Edmund
  5916 | D:6      | Found a blossoming altar of Fedhas.
  5959 | D:6      | Reached skill level 1 in Dodging
  6255 | D:6      | Reached skill level 15 in Axes
  6366 | D:7      | Found an iron altar of Okawaru.
  6426 | D:7      | Found a sand-covered staircase.
  6432 | Ossuary  | Entered an ossuary
  6473 | Ossuary  | Reached * piety under the Shining One
  6583 | Ossuary  | Reached ** piety under the Shining One
  6725 | D:7      | Reached XP level 10. HP: 76/80 MP: 10/10
  6748 | D:7      | Found a flagged portal.
  6751 | D:7      | Reached skill level 16 in Axes
  6763 | Bailey   | Entered a bailey
  6875 | Bailey   | Reached skill level 5 in Fighting
  6930 | Bailey   | Slain by an orc warrior

Levels and vault maps discovered:
D:1:      erik_arrival_cave_to_civilisation [erik_arrival_cave_to_hall],
          layout_basic, hangedman_decor_riveting
D:2:      layout_basic
D:3:      layout_basic, lemuel_zombie_altar_yredelemnul, grunt_decor_one_mirror,
          uniq_robin
D:4:      layout_loops_ring, elyvilon_altar_1, gammafunk_ghost_nasty_kobolds,
          uniq_grinder, uniq_sigmund, uniq_ijyb
D:5:      cheibrodos_fertilizer, layout_layer_cave, grunt_temple_overflow_open,
          first_ration
D:6:      layout_basic, lemuel_doored_altar, tso_oasis_becter,
          nicolae_overflow_crystal_walls, serial_glass, glass_columns_b,
          glass_columns_b, feat_on_display, due_unseen_surprise,
          minmay_strange_pillars, feat_on_display, uniq_edmund,
          uniq_blork_the_orc
D:7:      layout_loops_cross, minmay_temple_entry_crystal_x,
          nicolae_ossuary_entry_giza, enter_bailey_3, basic_altar,
          grunt_ogre_cave, okawaru_altar_gauntlet_db
Bailey:   bailey_axe_2, bailey

Skill      XL: |  1  2  3  4  5  6  7  8  9 10 |
---------------+-------------------------------+-----
Axes           | 3 4 5 7 8 9 11 13 15 16 | 16.0
Stealth        | 1 2 |  2.2
Dodging        | 1 |  1.4
Fighting       | 4 5 |  5.1
Armour         | |  3.2
Shields        | |  3.2
Evocations     | |  0.3

Action                   |  1- 3 |  4- 6 |  7- 9 | 10-12 || total
-------------------------+-------+-------+-------+-------++-------
Melee: War axe           |   107 |   133 |   404 |    68 ||   712
Throw: Dart              |       |       |     1 |       ||     1
Evoke: Wand              |       |       |     2 |       ||     2
  Use: Potion            |       |       |     5 |       ||     5
       Scroll            |       |       |     7 |       ||     7
 Stab: Invisible         |       |       |     1 |       ||     1
  Eat: Chunk             |     2 |     4 |     9 |     2 ||    17
       Ration            |       |       |     1 |       ||     1
Armor: Scale mail        |    67 |    40 |   113 |       ||   220
       Plate armour      |       |       |    23 |    44 ||    67
Dodge: Dodged            |    36 |    37 |    70 |    10 ||   153
Block: Shield            |    54 |    65 |   138 |    35 ||   292
